 Dungeon Crawl Stone Soup version 0.25-a0-503-ge281fa673e (webtiles) character file.

Game seed: 12506205235791846895, levelgen mode: deterministic

58 Gargoyl the Skirmisher (level 3, -2/31 HPs)
             Began as a Centaur Abyssal Knight on Feb 13, 2020.
             Was a Follower of Lugonu.
             Slain by a worm (6 damage)
             ... on level 2 of the Dungeon.
             The game lasted 00:01:50 (1625 turns).

Gargoyl the Skirmisher (Centaur Abyssal Knight)     Turns: 1625, Time: 00:01:50

Health: -2/31      AC:  7    Str: 16    XL:     3   Next: 76%
Magic:  4/4        EV:  4    Int: 11    God:    Lugonu [*.....]
Gold:   99         SH:  0    Dex:  5    Spells: 2/2 levels left

rFire    . . .     SeeInvis .   a - +1 hand axe
rCold    . . .     Gourm    .   (no shield)
rNeg     . . .     Faith    .   d - +0 chain mail
rPois    .         Spirit   .   (no helmet)
rElec    .         Reflect  .   (no cloak)
rCorr    .         Harm     .   (no gloves)
MR       .....     Clarity  +   (no barding)
Stlth    ..........             (no amulet)
HPRegen  0.10/turn              (no ring)
MPRegen  0.09/turn              (no ring)

@: very quick
A: large, hooves 3, [blurry vision 2], clarity, [clumsy 2], deformed body, speed
2, strong 1, tough skin 3
a: Depart the Abyss, Renounce Religion


You were on level 2 of the Dungeon.
You worshipped Lugonu.
Lugonu was aware of your devotion.
You were hungry.

You visited 1 branch of the dungeon, and saw 2 of its levels.
You visited the Abyss 1 time.

You collected 99 gold pieces.

Inventory:

Hand Weapons
 a - a +1 hand axe (weapon)
Armour
 b - a +0 leather armour
 d - a +0 chain mail (worn)
Potions
 e - 2 potions of mutation
 i - a potion of flight {unknown}
Comestibles
 c - 6 rations


   Skills:
 + Level 3.4 Fighting
 + Level 2.1 Axes
 * Level 2.0 Armour
 * Level 1.1 Dodging
 * Level 2.5 Invocations


You had 2 spell levels left.
You didn't know any spells.
Your spell library was empty.

Dungeon Overview and Level Annotations

Branches:
Dungeon (2/15)

Altars:


Innate Abilities, Weirdness & Mutations

You have hooves in place of feet.
Armour fits poorly on your strangely shaped body.
You cover ground very quickly.
You have extremely tough skin. (AC +3)
You possess an exceptional clarity of mind.
Your muscles are strong. (Str +2)
[Scrolls take you longer to read.]
[You are very clumsy. (Dex -4)]


Message History

The frilled lizard bites you but does no damage.
Unknown command.
You miss the frilled lizard. Your kick misses the frilled lizard.
You hit the worm.
The frilled lizard bites you but does no damage.
The worm bites you but does no damage.
Unknown command.
You slash the frilled lizard!
You kill the frilled lizard!
Lugonu accepts your kill.
You hit the worm.
Unknown command.
You barely miss the worm.
The worm is moderately wounded.
The worm bites you.
* * * LOW HITPOINT WARNING * * *
You hit the worm.
The worm is moderately wounded.
The worm bites you.
You die...

#.....# ##.... #..(..#
..... #####.....# #....
#.........#### #....
......#......# ###....
......#.)....# .......
......#......#
##..w###.....#......#
#....@....####......#
#...)...#...........#
#.......#...........#
##.......#...........#
#........%#...........#
#....................##
#.....######.........###
#..... #..............
##.... #..............


You could see a worm.

Vanquished Creatures
  2 adders (D:2)
  An ooze (D:2)
  A worm (D:2)
  2 dart slugs (D:1)
  3 bats (D:1)
  3 hobgoblins
  8 jackals
  3 frilled lizards
  A goblin (D:2)
  3 kobolds
  2 rats (D:2)
29 creatures vanquished.

Notes
Turn   | Place    | Note
-------+----------+-------------------------------------------
     0 | Abyss:1  | Gargoyl the Centaur Abyssal Knight began the quest for the
                  | Orb.
     0 | Abyss:1  | Reached XP level 1. HP: 19/19 MP: 2/2
    46 | Abyss:1  | Noticed a smoke demon
    55 | Abyss:1  | Noticed a wretched star
    56 | Abyss:1  | Noticed an ancient zyme
    71 | Abyss:1  | Noticed a wretched star
    71 | Abyss:1  | Noticed a small abomination
   137 | Abyss:3  | Found a radiant altar of Vehumet.
   147 | Abyss:3  | Noticed a thrashing horror
   151 | D:1      | Escaped the Abyss
   363 | D:1      | Reached XP level 2. HP: 26/26 MP: 3/3
   398 | D:1      | Reached * piety under Lugonu
   536 | D:1      | Reached skill level 1 in Dodging
  1072 | D:2      | Reached XP level 3. HP: 4/31 MP: 4/4
  1580 | D:2      | Gained mutation: Your muscles are strong. (Str +2) [potion
                  | of mutation]
  1580 | D:2      | Gained mutation: You possess an exceptional clarity of
                  | mind. [potion of mutation]
  1625 | D:2      | Slain by a worm

Levels and vault maps discovered:
D:1:      lemuel_arrival_funnel, layout_loops_ring, minmay_3d_cube
D:2:      layout_basic, chequers_ecumenical_altar_island

Skill      XL: |  1  2  3 |
---------------+----------+-----
Dodging        | 1 |  1.1
Axes           | 2 |  2.1
Armour         | 2 |  2.0
Fighting       | |  3.4
Invocations    | |  2.5

Action                   || total
-------------------------++-------
Melee: Hand axe          ||   115
       Kick              ||     8
Invok: Depart the Abyss  ||     1
  Use: Scroll            ||     5
       Potion            ||     1
  Eat: Chunk             ||     1
Armor: Chain mail        ||   130
Dodge: Dodged            ||    32

Table legend:
 A = Non-vault XP
 B = Vault XP
 C = Vault XP percentage of total XP
 D = Non-vault monster count
 E = Vault monster count
 F = Vault count percentage of total count
                 A         B        C        D         E       F
            +---------+---------+-------+---------+---------+-------
      Total |      81 |       3 |   3.6 |      26 |       3 |  10.3
            +---------+---------+-------+---------+---------+-------
        D:1 |      29 |       3 |   9.4 |      13 |       3 |  18.8
        D:2 |      52 |       0 |   0.0 |      13 |       0 |   0.0
            +---------+---------+-------+---------+---------+-------
